 Dungeon Sprint DCSS version 0.28.0-45-g0d030f2227 (webtiles) character file.

Game seed: 2550038927074628726

1620 McKennaii the Fighter (level 8, -6/81 HPs)
             Began as a Demigod Fighter on Apr 18, 2022.
             Shot with a bolt by a yaktaur (8 damage)
             ... in the Dungeon (Sprint II: "The Violet Keep of Menkaure").
             The game lasted 00:04:54 (1214 turns).

McKennaii the Fighter (Demigod Fighter)             Turns: 1214, Time: 00:04:55

Health: -6/81      AC: 15    Str: 27    XL:     8   Next: 37%
Magic:  10/10      EV:  7    Int: 10    God:
Gold:   14         SH:  4    Dex: 13    Spells: 7/7 levels left

rFire   . . .      SeeInvis .   i - +0 spear of Hiohiz {vorpal, rN+ Str+2}
rCold   + . .      Faith    .   c - +0 buckler
rNeg    + . .      Spirit   .   k - +1 plate armour {rC+}
rPois   .          Reflect  .   (no helmet)
rElec   .          Harm     .   (no cloak)
rCorr   .          Rampage  .   (no gloves)
Will    .....      Rage     1%  (no boots)
Stlth   .......... NoTele   +   (no amulet)
HPRegen 0.00/turn               (no ring)
MPRegen 0.12/turn               (no ring)

@: mighty, inhibited regen, slowed, very slow
A: high MP 1, forlorn, divine attributes, berserk 1, deterioration 2, screaming
1, inhibited regeneration, subdued magic 1
a: no special abilities


You were in the Dungeon.
You visited 1 branch You collected 740 gold pieces.
You spent 726 gold pieces at shops.

Inventory:

Hand Weapons
 a - a +0 trident
 i - the +0 spear of Hiohiz (weapon) {vorpal, rN+ Str+2}
   (You bought it in a shop in the Dungeon)

   It inflicts extra damage upon your enemies.
   Str:       It affects your strength (+2).
   rN:        It protects you from negative energy.
Armour
 c - a +0 buckler (worn)
 k - a +1 plate armour of cold resistance (worn)
Scrolls
 j - a scroll of blinking
Potions
 f - a potion of heal wounds
 g - a potion of haste
 h - 2 potions of magic


   Skills:
 + Level 10.8 Fighting
 + Level 10.6 Polearms
 + Level 10.7 Armour
 - Level 2.6 Shields


You had 7 spell levels left.
You didn't know any spells.
Your spell library was empty.

Dungeon Overview and Level Annotations

Branches:
Dungeon (1/1)

Shops:
D =*:?[[?[=*(:=!!

Annotations:
D exclusions: obsidian statue and oklob plant, Roxanne


Innate Abilities, Weirdness & Mutations

You have an increased reservoir of magic. (+10% MP)
You shall have no god before yourself.
Your divine heritage dramatically boosts your attributes as you level up.
You tend to lose your temper in combat.
Your body often deteriorates upon taking damage.
You occasionally shout uncontrollably at your foes.
You do not regenerate when monsters are visible.
Your spells are a little easier to cast, but a little less powerful.


Message History

You feel yourself speed up. The hornet stings you!
You are poisoned.
You feel yourself slow down.
The hornet stings you but does no damage.
You hit the hornet.
The hornet is heavily wounded.
You feel sick.
The yaktaur shoots a bolt.
The bolt barely misses you.
The hornet is engulfed in a cloud of scalding steam.
The hornet stings you but does no damage.
Unknown command.
You barely miss the hornet.
The hornet is severely wounded.
You feel sick. The hornet stings you!
* * * LOW HITPOINT WARNING * * *
You are more poisoned.
You feel as though you will be slow longer.
The yaktaur shoots a bolt.
You block the bolt.
You feel better. The hornet completely misses you.
The yaktaur shoots a bolt.
The bolt hits you.
* * * LOW HITPOINT WARNING * * *
The hornet stings you but does no damage.
The yaktaur shoots a bolt.
The bolt barely misses you.
Unknown command.
You completely miss the hornet.
The hornet is severely wounded.
You block the hornet's attack. The hornet stings you.
* * * LOW HITPOINT WARNING * * *
You suddenly lose the ability to move!
The yaktaur shoots a bolt.
The bolt hits you!
* * * LOW HITPOINT WARNING * * *
The hornet stings you but does no damage.
You can move again.
You hit the hornet.
The hornet is almost dead.
The hornet stings you.
* * * LOW HITPOINT WARNING * * *
You shrug off the repeated paralysis!
The yaktaur shoots a bolt.
The bolt hits you!
You die...

≈##≈.≈§§§≈ ###≈≈#§'§#§§
##≈≈≈..§§§.§≈ .#≈≈≈≈.##§##§≈
∩#≈≈≈≈##§..##.####
.#≈≈≈≈#..##.#....#
∩#≈≈######.####..##
.#≈##.###'## .##..#
.#≈#...##.##B..#@.# # #
.'≈'.#.'.<.+# +.y### .##.#
.#≈#.).##.##B..#.c..###...##
##≈##.###'# .##......≈≈≈≈≈≈
##≈≈#####.#####§≈.....≈#+###
##≈≈≈#..#..#≈≈≈≈≈≈≈..≈#_._.
#'#≈##.#.##≈≈≈§§≈≈≈.≈#._._
#.#≈≈##'##≈≈≈≈≈§§≈≈≈≈#_._.
####≈≈≈≈†≈≈≈≈≈§≈≈≈≈≈≈#._._


You could see a yaktaur and a hornet.

Vanquished Creatures
  A merfolk siren (D)
  2 polar bears (D)
  4 neqoxecs (D)
  A vampire mosquito (D)
  Menkaure (D)
  4 scorpions (D)
13 creatures vanquished.

Vanquished Creatures (others)
  A water moccasin (D)
1 creature vanquished.

Grand Total: 14 creatures vanquished

Notes
Turn   | Place    | Note
-------+----------+-------------------------------------------
     0 | D        | McKennaii the Demigod Fighter began the quest for the Orb.
     0 | D        | Reached XP level 1. HP: 18/18 MP: 3/3
     1 | D        | Noticed a neqoxec
     1 | D        | Noticed a neqoxec
     5 | D        | Noticed a neqoxec
     9 | D        | Gained mutation: You have hidden genetic defects. [a
                  | neqoxec]
    12 | D        | Killed a neqoxec
    12 | D        | Gained mutation: Your spells are a little easier to cast,
                  | but a little less powerful. [a neqoxec]
    13 | D        | Reached skill level 5 in Fighting
    13 | D        | Reached skill level 5 in Polearms
    13 | D        | Reached skill level 5 in Armour
    13 | D        | Reached XP level 2. HP: 28/30 MP: 4/4
    13 | D        | Reached XP level 3. HP: 34/37 MP: 5/5
    13 | D        | Reached XP level 4. HP: 41/44 MP: 6/6
    15 | D        | Killed a neqoxec
    16 | D        | Reached XP level 5. HP: 49/52 MP: 7/7
    17 | D        | Gained mutation: Your body sometimes deteriorates upon
                  | taking damage. [a neqoxec]
    19 | D        | Gained mutation: You do not regenerate when monsters are
                  | visible. [a neqoxec]
    21 | D        | Gained mutation: You tend to lose your temper in combat.
                  | [hidden defects]
    23 | D        | Gained mutation: You occasionally shout uncontrollably at
                  | your foes. [a neqoxec]
    24 | D        | Killed a neqoxec
    25 | D        | Reached XP level 6. HP: 25/61 MP: 8/8
    31 | D        | Killed a water moccasin
    36 | D        | Gained mutation: Your body often deteriorates upon taking
                  | damage. [hidden defects]
    36 | D        | Lost mutation: You have hidden genetic defects. [hidden
                  | defects expressed]
    83 | D        | Noticed a neqoxec
    88 | D        | Killed a neqoxec
   130 | D        | Noticed Roxanne
   188 | D        | Noticed a merfolk siren
   212 | D        | Killed a merfolk siren
   213 | D        | Reached XP level 7. HP: 23/70 MP: 9/9
   778 | D        | Noticed a boulder beetle
   778 | D        | Noticed a boulder beetle
   787 | D        | Found Weybut's Antique Weapon Shop.
   787 | D        | Found Tuimpir's Antique Armour Boutique.
   787 | D        | Found Dos Iti's Jewellery Shop.
   787 | D        | Found Vudak's Jewellery Boutique.
   787 | D        | Found Ucsin's Distillery.
   787 | D        | Found Niunkud's Assorted Antiques.
   787 | D        | Found Vifire's Magic Scroll Shop.
   787 | D        | Found Baila's Book Boutique.
   787 | D        | Found Qeylagg's Distillery.
   788 | D        | Found Kupytuze's Antique Armour Boutique.
   788 | D        | Noticed Menkaure
   788 | D        | Noticed a hell hog
   788 | D        | Noticed a hell hog
   800 | D        | Killed Menkaure
   801 | D        | Reached skill level 10 in Fighting
   801 | D        | Reached skill level 10 in Armour
   822 | D        | Reached skill level 10 in Polearms
   822 | D        | Reached XP level 8. HP: 24/79 MP: 10/10
   829 | D        | Found Iteacon's Antique Armour Boutique.
   829 | D        | Found Tukuuvosi's Magic Scroll Shop.
   829 | D        | Noticed an oklob plant
   829 | D        | Noticed an iron elemental
   830 | D        | Found Ducs's General Store.
   830 | D        | Found Eskaeh's Book Shoppe.
   830 | D        | Found Xalayvob's Jewellery Boutique.
   862 | D        | Bought a jewelled spear for 128 gold pieces
   862 | D        | Identified the +0 spear of Hiohiz {vorpal, rN+ Str+2} (You
                  | bought it in a shop in the Dungeon)
   866 | D        | Bought a runed plate armour for 598 gold pieces
  1093 | D        | Noticed an obsidian statue
  1113 | D        | Noticed a polar bear
  1114 | D        | Noticed a polar bear
  1131 | D        | Killed a polar bear
  1138 | D        | Killed a polar bear
  1173 | D        | Noticed a hornet
  1199 | D        | Noticed a yaktaur
  1200 | D        | Paralysed by a hornet for 2 turns
  1212 | D        | Paralysed by a hornet for 1 turns
  1214 | D        | HP: 2/81 [hornet (4)]
  1214 | D        | Shot with a bolt by a yaktaur

Illustrated notes

Levels and vault maps discovered:
D:        the_violet_keep_of_menkaure [sprint2_stairs_cluster_1,
          sprint2_shoproom, sprint2_temple, sprint2_basic_supplies,
          sprint2_obstacle_3, sprint2_obstacle_7, sprint2_obstacle_6,
          sprint2_obstacle_2, sprint2_obstacle_1, sprint2_timed_cluster_1,
          sprint2_smallroom_cluster_1, sprint2_smallroom_final_cluster_1,
          sprint2_transparent_cluster_1, sprint2_second_timed_cluster_1,
          sprint2_sniper_area_1, sprint2_heavy_combat_area_1,
          sprint2_mutation_trap_area_1, sprint2_forest_area_1,
          sprint2_light_combat_area_1, sprint2_behind_water_1,
          sprint2_near_end_vault_1]

Skill      XL: |  1  2  3  4  5  6  7 |
---------------+----------------------+-----
Fighting       | 5 7 9 10 | 10.8
Polearms       | 5 6 7 9 10 | 10.6
Armour         | 5 7 9 10 | 10.7
Shields        | |  2.6

Action                   |  1- 3 |  4- 6 |  7- 9 || total
-------------------------+-------+-------+-------++-------
Melee: Trident           |    10 |    40 |    41 ||    91
       Spear             |       |       |    26 ||    26
  Use: Potion            |     1 |       |     2 ||     3
Armor: Scale mail        |       |       |    11 ||    11
       Plate armour      |       |       |    17 ||    17
Dodge: Dodged            |     3 |     3 |    22 ||    28
Block: Buckler           |       |     1 |    11 ||    12
